 Dungeon Crawl Stone Soup version 0.27-a0-1280-g9d2d252d84 (webtiles) character file.

Game seed: 3705406981183852748

110 Glokmah the Skirmisher (level 4, -6/35 HPs)
             Began as a Demonspawn Monk on June 13, 2021.
             Killed by divine providence
             ... invoked by an orc priest
              (16 damage)
             ... on level 3 of the Dungeon.
             The game lasted 00:03:22 (2250 turns).

Glokmah the Skirmisher (Demonspawn Monk)            Turns: 2250, Time: 00:03:22

Health: -6/35      AC:  4    Str: 12    XL:     4   Next: 61%
Magic:  6/6        EV: 13    Int: 12    God:
Gold:   116        SH:  0    Dex: 15    Spells: 5/5 levels left

rFire    . . .     SeeInvis .   a - +0 spear
rCold    . . .     Faith    .   (no shield)
rNeg     . . .     Spirit   .   b - +0 robe
rPois    .         Reflect  .   (no helmet)
rElec    .         Harm     .   (no cloak)
rCorr    +         Rampage  .   p - +1 pair of gloves
Will     .....                  (boots unavailable)
Stlth    ++........             (no amulet)
HPRegen  0.11/turn              f - +4 ring of slaying
MPRegen  0.10/turn              k - ring of resist corrosion

@: no status effects
A: hooves 3
a: no special abilities


You were on level 3 of the Dungeon.
You visited 1 branch of the dungeon, and saw 3 of its levels.

You collected 116 gold pieces.

Inventory:

Hand Weapons
 a - a +0 spear (weapon)
Missiles
 c - 50 stones (quivered)
 n - 10 poisoned darts
Armour
 b - a +0 robe (worn)
 p - a +1 pair of gloves (worn)
Jewellery
 f - a +4 ring of slaying (left hand)
 k - a ring of resist corrosion (right hand)
 m - a +6 ring of strength
 o - a ring of protection from cold
Scrolls
 d - a scroll of enchant armour {unknown}
 e - a scroll of teleportation {unknown}
 h - a scroll of magic mapping {unknown}
 j - a scroll of identify {unknown}
Potions
 g - a potion of lignification {unknown}
 i - 2 potions of heal wounds {unknown}
 l - a potion of brilliance {unknown}


   Skills:
 + Level 3.4 Fighting
 + Level 3.1 Polearms
 + Level 3.1 Dodging
 - Level 1.7 Stealth
 + Level 1.4 Spellcasting
 + Level 1.3 Transmutations
 + Level 2.1 Invocations


You had 5 spell levels left.
You didn't know any spells.
Your spell library contained the following spells:

 Spells                   Type           Power      Damage    Failure   Level
 Beastly Appendage        Tmut           8%         N/A       17%         1
 Wereblood                Tmut           4%         N/A       26%         2
 Spider Form              Tmut/Pois      1%         N/A       54%         3
 Ice Form                 Ice/Tmut       2%         N/A       91%         4


Dungeon Overview and Level Annotations

Branches:
Dungeon (3/15)

Altars:
Sif Muna

Shops:
D:2 ?


Innate Abilities, Weirdness & Mutations

You have hooves in place of feet.


Message History

You hit the orc. You kick the orc.
You kill the orc!
You hear a shout!
An orc priest comes into view.
It is wielding a +2 flail of protection.
You hit the orc.
The orc is moderately wounded.
The orc barely misses you.
The orc priest miscasts a cantrip.
You hit the orc.
You kill the orc!
The orc priest mumbles some strange prayers to Beogh against you.
Beogh smites you!
Things that are here:
a +0 hand axe; 19 stones; an orc corpse You are too injured to fight recklessly!
There is a stone staircase leading up here.
You climb upwards.
There is a stone staircase leading down here.
You start resting.
HP restored.
You climb downwards.
The orc barely misses you.
There is a stone staircase leading up here.
You puncture the orc!
You kill the orc!
The orc priest invokes the aid of Beogh against you.
Beogh smites you!
You reach to attack!
You closely miss the orc priest.
You hit the orc priest but do no damage.
The orc priest mumbles some strange prayers to Beogh against you.
Beogh smites you!
* * * LOW HITPOINT WARNING * * *
You are too injured to fight recklessly!
You are too injured to fight recklessly!
You are too injured to fight recklessly!
You hit the orc priest but do no damage.
The orc priest barely misses you.
You hit the orc priest but do no damage.
The orc priest mumbles some strange prayers to Beogh against you.
Beogh smites you!
You die...

#. #. .# ###.
####.# ... .<...#
##.. .....# #...
.....#
#>##...######.....#
.......)..........#
########.##@......#
#.....o)..####
#.#...#.#.####
#.....#......+
###......(####
#...รท........#
#.#......###.#
#........###.####
...##..#))).......


You could see an orc priest.

Vanquished Creatures
  A hound skeleton (D:2)
  2 adders (D:2)
  2 worms (D:2)
  A dart slug (D:2)
  6 orcs (D:3)
  7 endoplasms
  A giant cockroach (D:1)
  5 goblins
  5 hobgoblins (D:1)
  2 jackals (D:1)
  3 quokkas
  5 ball pythons
  6 bats
  8 frilled lizards
  6 kobolds
  4 rats
64 creatures vanquished.

Notes
Turn   | Place    | Note
-------+----------+-------------------------------------------
     0 | D:1      | Glokmah the Demonspawn Monk began the quest for the Orb.
     0 | D:1      | Reached XP level 1. HP: 18/18 MP: 1/1
   420 | D:1      | Gained mutation: You have large cloven feet. [demonic
                  | ancestry]
   420 | D:1      | Reached XP level 2. HP: 13/24 MP: 2/2
   423 | D:1      | Reached skill level 1 in Invocations
   870 | D:1      | Gained mutation: You have hoof-like feet. [demonic
                  | ancestry]
   870 | D:1      | Reached XP level 3. HP: 25/29 MP: 4/4
  1176 | D:1      | Reached skill level 1 in Spellcasting
  1345 | D:2      | Found Qaurgh's Magic Scroll Shop.
  1347 | D:2      | Reached skill level 1 in Transmutations
  1591 | D:2      | Gained mutation: You have hooves in place of feet. [demonic
                  | ancestry]
  1591 | D:2      | Reached XP level 4. HP: 33/35 MP: 5/5
  1631 | D:2      | Found a shimmering blue altar of Sif Muna.
  2250 | D:3      | Killed from afar by an orc priest

Illustrated notes

Levels and vault maps discovered:
D:1:      amcnicky_arrival_underground_garden, layout_basic, serial_glass,
          glass_columns_a, glass_columns_c, st_stairs_11,
          hangedman_decor_points, minmay_lizard_pond
D:2:      layout_basic, basic_altar, serial_shops, shop, minmay_misc_feat_square
D:3:      layout_basic, nicolae_qazlal_scattered_showers,
          chequers_temple_overflow_minitemple, uniq_purgy

Skill      XL: |  1  2  3  4 |
---------------+-------------+-----
Invocations    | 1 2 |  2.1
Spellcasting   | 1 |  1.4
Polearms       | 3 |  3.1
Transmutations | 1 |  1.3
Dodging        | 3 |  3.1
Fighting       | |  3.4
Stealth        | |  1.7

Action                   |  1- 3 |  4- 6 || total
-------------------------+-------+-------++-------
Melee: Spear             |   121 |    34 ||   155
       Kick              |    17 |     7 ||    24
 Stab: Sleeping          |    10 |     2 ||    12
       Distracted        |     2 |       ||     2
Armor: Robe              |    13 |     2 ||    15
Dodge: Dodged            |    56 |    19 ||    75

Table legend: (Time is in decaauts)
 A = Elapsed time spent in this place.
 B = Non-inter-level travel time spent in this place.
 C = Inter-level travel time spent in this place.
 D = Time resting spent in this place.
 E = Time spent auto-exploring this place.
 F = Levels seen in this place.
 G = Mean time per level.
                   A        B        C        D        E       F      G
               +--------+--------+--------+--------+--------+-----+--------+
         Total |   2245 |   2144 |    101 |    252 |   1495 |   3 |  748.3 |
       Dungeon |   2245 |   2144 |    101 |    252 |   1495 |   3 |  748.3 |
               +--------+--------+--------+--------+--------+-----+--------+

Top non-repeatable levels by time:
     D:1: 1336 daAuts
     D:2: 850 daAuts
     D:3: 58 daAuts
